 Dungeon Crawl Stone Soup version 0.14.2 (webtiles) character file.

102 Amnesiac the Charlatan (level 3, -10/18 HPs)
             Began as a Spriggan Artificer on Feb 10, 2018.
             Mangled by Sigmund
             ... wielding a +0,+0 scythe
              (15 damage)
             ... on Level 4 of the Dungeon.
             The game lasted 00:02:52 (1751 turns).

Amnesiac the Charlatan (Spriggan Artificer)         Turns: 1751, Time: 00:02:52

HP -10/18        AC  2     Str  8      XL: 3   Next: 71%
MP   8/8         EV 19     Int 13      God:
Gold 46          SH  0     Dex 16      Spells:  0 memorised,  2 levels left

rFire  . . .     SeeInvis +     a - +0 short sword
rCold  . . .     Clarity  .     e - +0 robe
rNeg   . . .     Conserve .     (shield restricted)
rPois  .         rCorr    .     (helmet restricted)
rElec  .         rRot     .     (no cloak)
SustAb . .       Spirit   .     (gloves unavailable)
rMut   .         Warding  .     (boots unavailable)
Saprov . . .     Stasis   .     (no amulet)
MR     .....                    (no ring)
                                (no ring)

@: lethally poisoned, very quick, not resistant to hostile enchantments, fairly
stealthy
A: unfitting armour, see invisible, herbivore 3, speed 3, slow metabolism 2
a: no special abilities


You were on level 4 of the Dungeon.
You were not hungry.

You visited 1 branch of the dungeon, and saw 4 of its levels.

You collected 46 gold pieces.

Inventory:

Hand weapons
 a - a +0,+0 short sword (weapon)
 l - a +0,+0 dagger of venom
Missiles
 m - 3 needles of confusion
Armour
 e - a +0 robe (worn)
Magical devices
 b - a wand of flame (11)
 c - a wand of enslavement (15)
 d - a wand of random effects (14)
Comestibles
 i - 3 bread rations
Scrolls
 g - a scroll of magic mapping {!r, unknown}
 h - a scroll of teleportation {!r, unknown}
 j - 2 scrolls of fog {!r, unknown}
 n - a scroll of recharging {!r, unknown}
 o - a scroll of enchant weapon I {!r, unknown}
Potions
 f - a potion of porridge {!q}
 k - a potion of degeneration {!q, unknown}
Books
 p - a book of Cantrips

   Spells                             Type                      Level
   Confusing Touch                    Hexes                        1
   Animate Skeleton                   Necromancy                   1
   Summon Small Mammal                Summoning                    1
   Apportation                        Translocation                1


   Skills:
 + Level 1.6 Fighting
 - Level 1.1 Short Blades
 + Level 3.7 Dodging
 - Level 1.5 Stealth
 * Level 5.5 Evocations


You had 2 spell levels left.
You didn't know any spells.

Dungeon Overview and Level Annotations

Branches:
Dungeon (4/15)
 Temple: D:4-7

Altars:
Ashenzari
Okawaru

Annotations:
D:4 Sigmund


Innate Abilities, Weirdness & Mutations

You are tiny and cannot use many weapons and most armour.
You have supernaturally acute eyesight.
You are a herbivore.
You cover ground extremely quickly.
You need consume almost no food.


Message History

The orc shouts!
A worker ant and an orc come into view.
There is an open door here.
The worker ant twitches its antennae in your direction.
You open the door.
Found a leatherbound book.
There is an open door here.
You see here a leatherbound book.
You close the door.
p - a book of Cantrips You open the door.
Found a stone staircase leading down. 2 kobolds come into view.
The kobold shouts!
There is an open door here.
The kobold shouts!
An orc opens the door.
The kobold throws a dart.
The dart misses you.
The kobold throws a dart.
The dart misses you.
You see here a dart.
The kobold misses you.
The kobold throws a dart.
The dart misses you.
There is a stone staircase leading down here.
You hit the kobold.
The kobold is severely wounded.
The kobold misses you.
You completely miss the kobold.
The kobold is severely wounded.
The kobold misses you.
You hit the kobold.
You kill the kobold!
Okay, then.
You hit the kobold.
You kill the kobold!
You hit the orc.
The orc is heavily wounded.
The orc misses you.
You hit the orc.
The orc is severely wounded.
The worker ant bites you.
You are lethally poisoned!
The worker ant poisons you! The orc hits you.
* * * LOW HITPOINT WARNING * * *
* * * LOW HITPOINT WARNING * * *
You feel sick.
There is a stone staircase leading down here.
Things that are here:
a dagger; a kobold corpse
* * * LOW HITPOINT WARNING * * *
You feel sick.
You open the door.
* * * LOW HITPOINT WARNING * * *
You feel sick.
There is an open door here.
* * * LOW HITPOINT WARNING * * *
You feel sick.
You open the door.
* * * LOW HITPOINT WARNING * * *
You feel sick.
Found 14 gold pieces.
A quokka and Sigmund come into view.
Found 11 gold pieces and an emulsified blue potion.
There is an open door here.
Sigmund hits you from afar with a scythe!
Ouch! That really hurt!
You die...

##+##### #......###
######+ #......'.#
#.......
#......#.#####.r......
+.....o#..o..#........
#....)o#####a#.$@!....
#....>.# #.'...$....#
#......# ###@.......#
#...(..# #........#
#####'### #........
#+### #...# #........
#...# ###.# #########
###.# #######o##
#####'# #.......o###
#...>.. #....(...'.##
#......
+........#..###
#......


You could see Sigmund, a worker ant, an orc and a quokka (sleeping).

Vanquished Creatures
  3 adders
  An inept feature mimic (D:2)
  A giant cockroach (D:2)
  4 hobgoblins
  2 bats
  6 giant newts
  5 goblins
  3 kobolds
  6 rats
31 creatures vanquished.

Notes
Turn   | Place    | Note
--------------------------------------------------------------
     0 | D:1      | Amnesiac, the Spriggan Artificer, began the quest for the Orb.
     0 | D:1      | Reached XP level 1. HP: 9/9 MP: 2/2
   318 | D:1      | Reached skill level 1 in Fighting
   423 | D:1      | Reached XP level 2. HP: 5/14 MP: 5/5
   574 | D:2      | Found a shattered altar of Ashenzari.
   574 | D:2      | Found an iron altar of Okawaru.
  1055 | D:2      | Reached skill level 5 in Evocations
  1164 | D:2      | Reached XP level 3. HP: 9/18 MP: 8/8
  1750 | D:4      | Noticed Sigmund
  1751 | D:4      | Mangled by Sigmund

Action                   || total
-------------------------++-------
Melee: Short sword       ||   127
Evoke: Wand              ||     5
 Stab: Sleeping          ||     2
       Confused          ||     1
